 Dungeon Crawl Stone Soup version 0.29.1-2-gbd0b4ee654 (webtiles) character file.

Game seed: 137755734083453840

389 poopandmypants the Chopper (level 6, 0/56 HPs)
             Began as a Minotaur Berserker on Oct 28, 2022.
             Was a Priest of Trog.
             Succumbed to an orc's poison
             ... on level 4 of the Dungeon.
             The game lasted 00:05:58 (3588 turns).

poopandmypants the Chopper (Minotaur Berserker)     Turns: 3588, Time: 00:05:59

Health: 0/56       AC:  7    Str: 24    XL:     6   Next: 49%
Magic:  5/5        EV: 11    Int:  4    God:    Trog [***...]
Gold:   93         SH:  0    Dex:  9    Spells: 5/5 levels left

rFire   . . .      SeeInvis .   a - +0 hand axe
rCold   . . .      Faith    .   (no shield)
rNeg    . . .      Spirit   .   h - +0 ring mail
rPois   +          Reflect  .   (helmet restricted)
rElec   .          Harm     .   (no cloak)
rCorr   .          Rampage  .   (no gloves)
Will    .....                   v - +0 pair of boots
Stlth   +.........              (no amulet)
HPRegen 0.18/turn               d - ring of poison resistance
MPRegen 0.09/turn               (no ring)

@: lethally poisoned (0 -> -3), on berserk cooldown, slowed, very slow
A: horns 2, retaliatory headbutt
a: Renounce Religion, Berserk, Trog's Hand


You were on level 4 of the Dungeon.
You worshipped Trog.
Trog was most pleased with you.
You visited 1 branch of the dungeon, and saw 4 of its levels.

You collected 93 gold pieces.

Inventory:

Hand Weapons
 a - a +0 hand axe (weapon)
Missiles
 o - 2 throwing nets (quivered)
Armour
 b - a +0 animal skin
 h - a +0 ring mail (worn)
 v - a +0 pair of boots (worn)
 w - a scarf of shadows
Jewellery
 d - a ring of poison resistance (left hand)
 j - a ring of see invisible
Wands
 s - a wand of light (10)
Scrolls
 c - 2 scrolls of fog {unknown}
 k - 2 scrolls of poison {unknown}
 m - a scroll of immolation {unknown}
 n - a scroll of enchant weapon {unknown}
 p - a scroll of identify {unknown}
 q - a scroll of fear {unknown}
 r - a scroll of enchant armour {unknown}
 u - a scroll of magic mapping {unknown}
Potions
 e - 3 potions of curing {unknown}
 f - a potion of flight {unknown}
 g - a potion of degeneration {unknown}
 i - a potion of resistance {unknown}
 l - 2 potions of haste {unknown}
 t - 2 potions of invisibility {unknown}


   Skills:
 * Level 5.2 Fighting
 * Level 6.4 Axes
 * Level 4.5 Armour
 + Level 3.1 Dodging
 + Level 0.4 Stealth


You had 5 spell levels left.
You didn't know any spells.
Your spell library contained the following spells:

 Spells                   Type           Power      Damage    Failure   Level
 Scorch                   Fire           0%         2d5       78%         2
 Flame Wave               Conj/Fire      0%         2d4       100%        4
 Summon Cactus Giant      Summ           0%         N/A       100%        6


Dungeon Overview and Level Annotations

Branches:
Dungeon (4/15)
 Temple: D:4-7

Altars:
Hepliaklqana

Shops:
D:4 :


Innate Abilities, Weirdness & Mutations

You have a pair of horns on your head.
You reflexively headbutt those who attack you in melee.


Message History

You slash the orc wizard!
The orc wizard is almost dead.
The orc wizard hits you but does no damage.
You hit the orc wizard but do no damage.
Your headbutt misses the orc wizard.
The orc wizard is almost dead.
The orc wizard barely misses you. You furiously retaliate!
You headbutt the orc wizard!
You kill the orc wizard!
Trog accepts your kill.
Trog appreciates your killing of a magic user.
An orc comes into view. It is wielding a +0 dagger of venom.
The orc shouts!
Things that are here:
a +0 dagger; a +0 robe You hit the orc.
The orc is moderately wounded.
The orc barely misses you. You furiously retaliate!
You headbutt the orc. The orc hits you but does no damage.
You hit the orc. Your headbutt misses the orc.
The orc is almost dead.
The orc hits you but does no damage.
You are lethally poisoned!
You completely miss the orc.
The orc is almost dead.
* * * LOW HITPOINT WARNING * * *
You feel very sick. The orc hits you but does no damage.
You hit the orc.
You kill the orc!
Trog accepts your kill.
* * * LOW HITPOINT WARNING * * *
You feel very sick.
* * * LOW HITPOINT WARNING * * *
You feel sick.
You see here a +0 dagger of venom.
Unknown command.
There is a lethal amount of poison in your body!
There is a lethal amount of poison in your body!
You die...

.......# #..####.#
###.#### <......##
#...# #.# #....#
..<.†...##..### #.#
####.### ........##..
##.# #...# ...[....####
#..# ###.#
........#########.###
#.#
........##.....)....##
#.#
.......##........)...##
#.#
.............)$.@...!.#
#.#
.......>....).........#
#.#
..........)........<..#
####.###
......................#
#.......
.......$...........#
#.......
.....#............##
#.......
....###..........##
#....... ...#
############ ########
###


There were no monsters in sight!

Vanquished Creatures
  An ogre (D:4)
  A phantom (D:4)
  A necrophage (D:2)
  An orc wizard (D:4)
  6 adders
  2 dart slugs (D:1)
  4 orcs
  3 bats
  6 endoplasms
  2 giant cockroaches
  7 goblins
  6 hobgoblins
  10 jackals
  4 quokkas (D:1)
  15 ball pythons
  4 frilled lizards
  7 kobolds
  2 rats
82 creatures vanquished.

Notes
Turn   | Place    | Note
-------+----------+-------------------------------------------
     0 | D:1      | poopandmypants the Minotaur Berserker began the quest for
                  | the Orb.
     0 | D:1      | Reached XP level 1. HP: 19/19 MP: 0/0
   249 | D:1      | Found a faded altar of an unknown god.
   280 | D:1      | Reached skill level 4 in Axes
   280 | D:1      | Reached XP level 2. HP: 26/27 MP: 1/1
   739 | D:1      | Reached ** piety under Trog
   804 | D:1      | Reached XP level 3. HP: 29/33 MP: 2/2
  1180 | D:2      | Noticed a necrophage
  1192 | D:2      | Killed a necrophage
  1193 | D:2      | Reached skill level 5 in Axes
  1193 | D:2      | Reached XP level 4. HP: 28/41 MP: 3/3
  1212 | D:2      | Reached XP level 5. HP: 14/47 MP: 4/4
  2388 | D:3      | Reached *** piety under Trog
  2509 | D:3      | Found a hazy altar of Hepliaklqana.
  3068 | D:4      | Noticed a phantom
  3077 | D:4      | Killed a phantom
  3078 | D:4      | Reached skill level 5 in Fighting
  3078 | D:4      | Reached skill level 6 in Axes
  3219 | D:4      | Reached XP level 6. HP: 52/56 MP: 5/5
  3422 | D:4      | Found Laupramm's Book Boutique.
  3587 | D:4      | HP: 2/56 [poisoned by an orc]
  3588 | D:4      | Succumbed to an orc's poison

Illustrated notes

Levels and vault maps discovered:
D:1:      lightli_arrival_maybe_door_vault, layout_basic,
          basic_ecumenical_altar, serial_bayou_pond_c
D:2:      layout_loops_ring, minmay_quantized
D:3:      layout_loops_ring, lemuel_tele_altar, kennysheep_generic_room_3
D:4:      layout_rooms, serial_shops, shop

Skill      XL: |  1  2  3  4  5  6 |
---------------+-------------------+-----
Axes           | 4 5 6 |  6.4
Fighting       | 4 5 |  5.2
Armour         | 3 4 |  4.5
Dodging        | 3 |  3.1
Stealth        | |  0.4

Action                   |  1- 3 |  4- 6 || total
-------------------------+-------+-------++-------
Melee: Hand axe          |    81 |   105 ||   186
       Headbutt          |     9 |    13 ||    22
       Punch             |     2 |       ||     2
Invok: Berserk           |       |     1 ||     1
Armor: Ring mail         |    12 |    37 ||    49
       Animal skin       |     1 |       ||     1
Dodge: Dodged            |    51 |    68 ||   119
